 Dungeon Crawl Stone Soup version 0.24.1-4-ge52af88ad5 (webtiles) character file.

Game seed: 17049102950548300645, levelgen mode: deterministic

2741 geumseong the Summoner (level 9, -10/51 HPs)
             Began as a Tengu Summoner on Apr 16, 2020.
             Was an Initiate of Cheibriados.
             Blown up by Maurice (31 damage)
             ... with a disintegration bolt
             ... on level 8 of the Dungeon.
             The game lasted 00:31:03 (8435 turns).

geumseong the Summoner (Tengu Summoner)             Turns: 8435, Time: 00:31:04

Health: -10/51     AC:  8    Str: 12    XL:     9   Next: 68%
Magic:  10/17      EV: 13    Int: 22    God:    Cheibriados [......]
Gold:   255        SH:  9    Dex: 16    Spells: 8/18 levels left

rFire    . . .     SeeInvis .   L - +2 hand axe (chop)
rCold    + . .     Gourm    .   C - +0 shield
rNeg     . . .     Faith    .   A - +2 ring mail {rC+}
rPois    .         Spirit   .   (helmet restricted)
rElec    .         Reflect  .   (no cloak)
rCorr    .         Harm     .   (no gloves)
MR       .....                  (boots unavailable)
Stlth    +.........             (no amulet)
HPRegen  0.17/turn              j - +5 ring of intelligence
MPRegen  0.15/turn              m - +2 ring of evasion

@: flying quickly and evasively, slow
A: beak, talons 3, able to fly
a: Stop Flying, Bend Time, Renounce Religion


You were on level 8 of the Dungeon.
You worshipped Cheibriados.
Cheibriados was noncommittal.
You were not hungry.

You visited 2 branches of the dungeon, and saw 9 of its levels.

You collected 255 gold pieces.

Inventory:

Hand Weapons
 d - a +0 club
 h - a +0 dagger
 p - a +0 flail
 L - a +2 hand axe of chopping (weapon)
Missiles
 q - 7 javelins
 r - 6 boomerangs of dispersal
 y - 6 boomerangs (quivered)
Armour
 a - a +0 robe
 A - a +2 ring mail of cold resistance (worn)
 C - a +0 shield (worn)
Jewellery
 j - a +5 ring of intelligence (left hand)
 m - a +2 ring of evasion (right hand)
 G - an uncursed amulet of the acrobat {unknown}
 I - a +4 ring of strength {unknown}
Wands
 F - a wand of iceblast (7)
Scrolls
 b - 2 scrolls of enchant weapon {unknown}
 e - 8 scrolls of remove curse
 f - 7 scrolls of identify {unknown}
 i - 2 scrolls of amnesia {unknown}
 k - 3 scrolls of magic mapping {unknown}
 l - 2 scrolls of fear {unknown}
 n - a scroll of enchant armour {unknown}
 t - a scroll of blinking {unknown}
 v - 3 scrolls of teleportation {unknown}
 z - a scroll of noise {unknown}
 D - a scroll of acquirement {unknown}
 J - a scroll of random uselessness {unknown}
Potions
 g - 4 potions of heal wounds {unknown}
 o - 2 potions of curing {unknown}
 s - a potion of agility {unknown}
 u - a potion of lignification {unknown}
 w - 2 potions of haste {unknown}
 x - 2 potions of magic {unknown}
 B - 2 potions of cancellation {unknown}
 E - a potion of degeneration {unknown}
 K - a potion of berserk rage {unknown}
 M - a potion of mutation {unknown}
Comestibles
 c - 18 rations


   Skills:
 + Level 3.4 Fighting
 + Level 2.8 Axes
 - Level 0.2 Throwing
 - Level 7.0 Armour
 - Level 2.1 Dodging
 - Level 2.0 Stealth
 * Level 4.6 Shields
 - Level 5.0 Spellcasting
 + Level 9.0 Summonings
 * Level 4.4 Air Magic


You had 8 spell levels left.
You knew the following spells:

 Your Spells              Type           Power        Failure   Level  Hunger
a - Summon Small Mammal   Summ           ####         1%          1    None
b - Call Imp              Summ           #####...     3%          2    None
c - Call Canine Familiar  Summ           #####...     6%          3    ##.....
d - Summon Lightning Spi  Summ/Air       #####...     43%         4    ####...

Your spell library contained the following spells:

 Spells                   Type           Power        Failure   Level  Hunger
 Summon Guardian Golem    Hex/Summ       ####....     36%         3    ##.....
 Beastly Appendage        Tmut           #.....       61%         1    None
 Sticks to Snakes         Tmut           #.......     75%         2    None
 Summon Ice Beast         Ice/Summ       ####....     77%         4    ####...
 Irradiate                Conj/Tmut      #.........   100%        5    #####..
 Yara's Violent Unravell  Hex/Tmut       #.........   100%        5    #####..
 Dragon Form              Tmut           #.........   100%        7    #######


Dungeon Overview and Level Annotations

Branches:
Dungeon (8/15)             Temple (1/1) D:7
   Lair: D:8-11

Altars:
Ashenzari
Cheibriados
Dithmenos
Elyvilon
Fedhas
Gozag
Hepliaklqana
Makhleb
Nemelex Xobeh
Okawaru
Qazlal
Ru
Sif Muna
Trog
Uskayaw
Vehumet
Wu Jian
Xom
Zin
The Shining One

Shops:
D:4 *=

Annotations:
D:2 exclusion: downstairs
D:4 exclusion: 2 downstairs
D:5 1 runed translucent door, Crazy Yiuf
D:7 exclusion: downstairs
D:8 Erica, Maurice


Innate Abilities, Weirdness & Mutations

You have a beak for a mouth.
You have claws for feet.
You can fly continuously.


Message History

The orc throws a stone.
The stone hits you but does no damage.
Throwing (i - inventory. (/) - cycle)
y - 6 boomerangs (quivered)
Press: ? - help, Shift-Dir - straight line, f - Maurice
Aim: Maurice, wielding a +0 flail, wearing a +0 leather armour and carrying a wand of disintegration (10) (covering ground quickly) Really fire in your wolf's direction?
Okay, then.
Throwing (i - inventory. (/) - cycle)
y - 6 boomerangs (quivered)
Press: ? - help, Shift-Dir - straight line, f - orc, p - Maurice
Aim: an orc, wielding a +0 club and wearing a +0 ring mail You throw a boomerang.
The boomerang closely misses the orc.
The orc throws a stone.
The stone misses you.
Maurice mumbles some strange words.
Maurice blinks!
Maurice zaps a wand.
You are blasted!
Ouch! That really hurt!
Unknown command.
You closely miss Maurice.
Your lightning spire shoots out a bolt of lightning at Maurice!
The bolt of electricity hits Maurice!
Maurice zaps a wand.
You are blasted!
Ouch! That really hurt!
You die...

## . .#...
.........##
.....
.........#
.....
........#
..... .......#
.....
##......#
.....
#...h..###
.....
...#.8[@....##
.....
..o...[@.....#
#..##
......###....#
....
####...#...###
.... # ..... #
.. #.... ..
#...## ..
#....# ..
#[..)# .$
#(...##


You could see Maurice, an orc, a friendly wolf and a friendly lightning spire.

Vanquished Creatures
  A hippogriff (D:7)
  An eye of draining (D:5)
  A necrophage (D:6)
  A big kobold (D:6)
  2 bullfrogs
  2 howler monkeys (D:7)
  A crimson imp (D:7)
  A jelly (D:8)
  3 orc priests
  4 hounds
  A centaur skeleton (D:5)
  5 orc wizards
  An iguana (D:5)
  5 gnolls
  A howler monkey skeleton (D:6)
  An adder (D:5)
  An adder zombie (D:5)
  An adder skeleton (D:7)
  3 leopard geckos
  13 orcs
  7 bats
  8 giant cockroaches
  6 goblins
  A hobgoblin (D:3)
  4 jackals
  2 quokkas
  2 ball pythons
  2 frilled lizards (D:2)
  A jackal zombie (D:7)
  10 kobolds
  A quokka skeleton (D:5)
  12 rats
105 creatures vanquished.

Vanquished Creatures (collateral kills)
  Grinder (D:6)
  Sigmund (D:2)
  4 hogs (D:7)
  A hungry ghost (D:7)
  A human (D:7)
  A water moccasin (D:7)
  An ice beast (D:7)
  A sky beast (D:7)
  2 ogres
  2 orc warriors (D:7)
  A bullfrog (D:6)
  2 gnoll sergeants
  2 scorpions (D:8)
  2 howler monkeys (D:4)
  A crimson imp (D:5)
  A hound (D:4)
  5 orc priests
  2 iguanas
  Natasha (D:4)
  3 worker ants
  4 adders
  A gnoll (D:8)
  A shadow imp (D:8)
  An ooze (D:4)
  An adder skeleton (D:6)
  A worm (D:4)
  2 leopard geckos
  8 orcs
  2 bats
  6 goblins
  3 hobgoblins
  5 jackals
  A kobold (D:2)
  A quokka (D:6)
  A jackal skeleton (D:5)
  A rat (D:1)
74 creatures vanquished.

Grand Total: 179 creatures vanquished

Notes
Turn   | Place    | Note
-------+----------+-------------------------------------------
     0 | D:1      | geumseong the Tengu Summoner began the quest for the Orb.
     0 | D:1      | Reached XP level 1. HP: 10/10 MP: 4/4
    28 | D:1      | Reached skill level 5 in Summonings
    77 | D:1      | Reached XP level 2. HP: 6/15 MP: 1/6
   287 | D:1      | Learned a level 2 spell: Call Imp
  1245 | D:1      | Reached XP level 3. HP: 19/19 MP: 7/7
  1358 | D:1      | Learned a level 3 spell: Call Canine Familiar
  1464 | D:2      | Identified the Volume of Transmigration
  1787 | D:2      | Noticed Sigmund
  1810 | D:2      | Killed Sigmund
  1810 | D:2      | Reached skill level 1 in Armour
  1810 | D:2      | Reached skill level 6 in Summonings
  1810 | D:2      | Reached XP level 4. HP: 24/24 MP: 2/9
  2273 | D:2      | Reached skill level 1 in Fighting
  2273 | D:2      | Gained mutation: You can fly continuously. [Tengu growth]
  2273 | D:2      | Reached XP level 5. HP: 21/29 MP: 2/10
  3447 | D:4      | Reached XP level 6. HP: 33/34 MP: 11/11
  3553 | D:4      | Noticed Natasha
  3565 | D:4      | Killed Natasha
  3575 | D:4      | Found Kesty's Jewellery Boutique.
  3748 | D:4      | Found Vothrov's General Store.
  3778 | D:5      | Entered Level 5 of the Dungeon
  3795 | D:5      | Reached skill level 7 in Summonings
  3842 | D:5      | Noticed a phantom
  3921 | D:5      | Learned a level 4 spell: Summon Lightning Spire
  3953 | D:5      | Noticed an eye of draining
  3963 | D:5      | Killed an eye of draining
  3963 | D:5      | Reached XP level 7. HP: 38/38 MP: 0/13
  4025 | D:4      | Reached skill level 1 in Air Magic
  4478 | D:5      | Found a runed translucent door.
  4479 | D:5      | Noticed Crazy Yiuf
  5141 | D:6      | Reached skill level 1 in Shields
  5202 | D:6      | Noticed Grinder
  5208 | D:6      | Killed Grinder
  5208 | D:6      | Reached skill level 5 in Armour
  5208 | D:6      | Reached XP level 8. HP: 36/44 MP: 13/15
  5447 | D:6      | Reached skill level 8 in Summonings
  5892 | D:7      | Noticed a hippogriff
  5904 | D:7      | Killed a hippogriff
  6110 | D:7      | Reached skill level 5 in Spellcasting
  6164 | D:7      | Reached XP level 9. HP: 12/49 MP: 5/17
  7006 | D:7      | Found a staircase to the Ecumenical Temple.
  7020 | Temple   | Entered the Ecumenical Temple
  7167 | Temple   | Became a worshipper of Cheibriados the Contemplative
  7205 | D:7      | Reached skill level 1 in Axes
  7679 | D:8      | Noticed Maurice
  7788 | D:7      | Reached skill level 9 in Summonings
  8411 | D:8      | Noticed Erica
  8435 | D:8      | Blown up by Maurice

Levels and vault maps discovered:
D:1:      mrwooster_arrival_statue_2, layout_loops_cross, st_stairs_5
D:2:      layout_rooms, dk_noncrumbling_2, uniq_sigmund
D:3:      layout_loops_ring
D:4:      layout_loops_cross, serial_shops, shop, shop, uniq_natasha
D:5:      lemuel_ice_spiral_2, layout_basic, first_ration, hex_large,
          uniq_crazy_yiuf_cottage
D:6:      layout_loops_ring, minmay_unpleasant_kobolds, uniq_grinder
D:7:      minmay_recursive_quarters, layout_basic,
          minmay_temple_entry_proselytizer, grunt_livestock, st_stairs_14
D:8:      layout_cave_pools, serial_shops, shop_coins, fountainhead,
          kennysheep_nub, uniq_psyche, uniq_maurice, uniq_erica
Temple:   regret_index_temple_chain_breaker

Skill      XL: |  1  2  3  4  5  6  7  8  9 |
---------------+----------------------------+-----
Summonings     | 5 6 7 8 9 |  9.0
Armour         | 1 2 3 5 6 7 |  7.0
Fighting       | 1 2 3 |  3.4
Spellcasting   | 3 4 5 |  5.0
Air Magic      | 1 2 4 |  4.4
Shields        | 1 3 4 |  4.6
Axes           | 2 |  2.8
Throwing       | |  0.2
Dodging        | |  2.1
Stealth        | |  2.0

Action                   |  1- 3 |  4- 6 |  7- 9 || total
-------------------------+-------+-------+-------++-------
Melee: Club              |    43 |       |       ||    43
       Kick              |    16 |    25 |    70 ||   111
       Peck              |     7 |    16 |    40 ||    63
       Dagger            |    41 |    58 |       ||    99
       Flail             |       |    72 |   180 ||   252
       Hand axe          |       |       |    85 ||    85
Throw: Javelin           |       |       |    10 ||    10
       Boomerang         |       |       |     5 ||     5
 Cast: Summon Small Mamm |     7 |       |       ||     7
       Call Imp          |     6 |     6 |     9 ||    21
       Call Canine Famil |     1 |     8 |    25 ||    34
       Summon Lightning  |       |       |     1 ||     1
 Abil: Fly               |       |     1 |       ||     1
  Use: Scroll            |       |       |     1 ||     1
 Stab: Sleeping          |     3 |     1 |     1 ||     5
       Distracted        |       |     2 |     4 ||     6
  Eat: Chunk             |     3 |     8 |    15 ||    26
       Ration            |       |       |     1 ||     1
Armor: Robe              |    27 |     3 |       ||    30
       Scale mail        |       |    28 |       ||    28
       Ring mail         |       |     5 |    95 ||   100
Dodge: Dodged            |    81 |    95 |   211 ||   387
Block: Shield            |       |       |   106 ||   106
